 Dungeon Crawl Stone Soup version 0.19.1 (webtiles) character file.

91 Idleism the Stinger (level 4, -1/27 HPs)
             Began as an Octopode Venom Mage on Dec 6, 2016.
             Was an Initiate of Qazlal.
             Killed by divine providence
             ... invoked by an orc priest
              (15 damage)
             ... on level 3 of the Dungeon.
             The game lasted 00:09:55 (2852 turns).

Idleism the Stinger (Octopode Venom Mage)           Turns: 2852, Time: 00:09:57

Health: -1/27      AC:  6    Str:  7    XL:     4   Next: 59%
Magic:  1/7        EV: 13    Int: 18    God:    Qazlal [......]
Gold:   106        SH:  0    Dex: 12    Spells: 2 memorised, 3 levels left

rFire  . . .     SeeInvis .     u - +2 rapier (flame)
rCold  . . .     Gourm    .     (no shield)
rNeg   . . .     Faith    .     (helmet restricted)
rPois  .         Spirit   .     (no amulet)
rElec  .         Reflect  .     p - +5 ring of protection
rCorr  .         Harm     .     (no ring)
MR     .....                    (no ring)
Stlth  +++.......               (no ring)
                                (no ring)
                                (no ring)
                                (no ring)
                                (no ring)

@: no status effects
A: almost no armour, stealthy swim, amphibious, 8 rings, constrict 8, camouflage
1, gelatinous body 1
a: Renounce Religion


You were on level 3 of the Dungeon.
You worshipped Qazlal.
Qazlal was noncommittal.
You were not hungry.

You visited 1 branch of the dungeon, and saw 3 of its levels.

You collected 106 gold pieces.

Inventory:

Hand Weapons
 u - a +2 rapier of flaming (weapon)
Armour
 j - a +0 large shield
 o - a +0 shield of protection
Jewellery
 p - a +5 ring of protection (left tentacle)
Scrolls
 d - 2 scrolls of recharging {unknown}
 e - a scroll of fog {unknown}
 f - a scroll of amnesia {unknown}
 g - 3 scrolls of identify {unknown}
 h - 2 scrolls of enchant weapon {unknown}
 i - a scroll of magic mapping {unknown}
 l - a scroll of immolation {unknown}
 m - a scroll of noise {unknown}
Potions
 c - a potion of agility {unknown}
 k - a potion of magic {unknown}
 n - a potion of ambrosia {unknown}
 q - a potion of berserk rage {unknown}
 r - a potion of curing {unknown}
 s - a potion of lignification {unknown}
 v - a potion of brilliance {unknown}
Books
 a - a Young Poisoner's Handbook

   Spells                             Type                      Level
   a - Sting                          Conjuration/Poison           1
   b - Mephitic Cloud                 Conjuration/Poison/Air       3
   c - Olgreb's Toxic Radiance        Poison                       4
   d - Alistair's Intoxication        Transmutation/Poison         5
   e - Venom Bolt                     Conjuration/Poison           5
Comestibles
 b - a bread ration
 t - 2 beef jerkies
 w - a chunk of flesh


   Skills:
 - Level 2.0 Dodging
 - Level 2.6 Stealth
 - Level 2.0 Spellcasting
 - Level 4.0 Conjurations
 + Level 0.4 Air Magic
 - Level 4.8 Poison Magic


You had 3 spell levels left.
You knew the following spells:

 Your Spells              Type           Power        Failure   Level  Hunger
a - Sting                 Conj/Pois      ###.         3%          1    #......
b - Mephitic Cloud        Conj/Pois/Air  ##......     17%         3    ###....


Dungeon Overview and Level Annotations

Branches:
Dungeon (3/15)

Altars:
Fedhas
Gozag
Kikubaaqudgha
Nemelex Xobeh
Qazlal

Annotations:
D:2 exclusion: oklob plant


Innate Abilities, Weirdness & Mutations

You cannot wear most types of armour.
You are very stealthy in the water. (Stealth+)
You are amphibious.
You can wear up to eight rings at the same time.
You can use your tentacles to constrict eight enemies at once.
Your skin changes colour to match your surroundings (Stealth+).
Your rubbery body absorbs attacks. (AC +1, EV +1)


Message History

The orc priest invokes the aid of Beogh against you.
Beogh smites you!
Casting: Sting
Confirm with . or Enter, or press ? or * to list all spells.
Aiming: Mephitic Cloud
Press: ? - help, Shift-Dir - straight line, f/p - orc
Aim: an orc, wielding a whip and wearing a leather armour The ball explodes into a vile cloud!
The stinking cloud engulfs the orc.
The stinking cloud engulfs the orc priest.
The stinking cloud engulfs you!
The orc seems less confused.
The orc is engulfed in noxious fumes.
The orc appears confused.
The orc hits you but does no damage.
You hit the orc. You burn the orc. You grab the orc.
The orc is heavily wounded.
You constrict the orc.
The orc is engulfed in noxious fumes.
The orc appears confused.
The orc hits you but does no damage.
The orc priest calls down the wrath of Beogh upon you.
Beogh smites you!
Ouch! That really hurt!
You die...

...#........
!.%......o. ####
............ ....
.........o. ...
...........## .###.#
#.....o# [....
#...##o##
...#######...##§o#
.#.#(.........##@#
..............##.#
##...............#
##..............######
##..................#
#..................#
#..................#
#...........).######
#.............#


You could see an orc priest and 3 orcs.

Vanquished Creatures
  3 adders
  A worm (D:3)
  3 dart slugs
  2 leopard geckos
  5 orcs (D:3)
  5 bats
  4 giant cockroaches
  4 goblins
  5 hobgoblins
  A quokka (D:2)
  2 frilled lizards
  8 kobolds
  7 rats
50 creatures vanquished.

Notes
Turn   | Place    | Note
-------+----------+-------------------------------------------
     0 | D:1      | Idleism the Octopode Venom Mage began the quest for the Orb.
     0 | D:1      | Reached XP level 1. HP: 11/11 MP: 3/3
   269 | D:1      | Reached skill level 1 in Conjurations
   382 | D:1      | Reached XP level 2. HP: 17/17 MP: 3/5
   863 | D:1      | Reached XP level 3. HP: 21/21 MP: 2/6
   916 | D:1      | Learned a level 3 spell: Mephitic Cloud
  1793 | D:2      | Found an ancient bone altar of Kikubaaqudgha.
  1884 | D:2      | Reached XP level 4. HP: 27/27 MP: 5/7
  2003 | D:2      | Found a sparkling altar of Nemelex Xobeh.
  2114 | D:2      | Found a blossoming altar of Fedhas.
  2137 | D:2      | Noticed an oklob plant
  2361 | D:3      | Found a stormy altar of Qazlal.
  2361 | D:3      | Found an opulent altar of Gozag.
  2696 | D:3      | Became a worshipper of Qazlal Stormbringer
  2852 | D:3      | Killed from afar by an orc priest

Skill      XL: |  1  2  3  4 |
---------------+-------------+-----
Conjurations   | 1 2 3 4 |  4.0
Dodging        | |  2.0
Stealth        | |  2.6
Spellcasting   | |  2.0
Air Magic      | |  0.4
Poison Magic   | |  4.8

Action                   |  1- 3 |  4- 6 || total
-------------------------+-------+-------++-------
Melee: Unarmed           |     2 |       ||     2
       Constrict         |     4 |     2 ||     6
       Tentacles         |     1 |       ||     1
       Hand axe          |    18 |       ||    18
       Rapier            |       |    14 ||    14
 Cast: Sting             |    48 |    32 ||    80
       Mephitic Cloud    |       |     3 ||     3
  Eat: Chunk             |     4 |     3 ||     7
Armor: Skin              |     2 |     3 ||     5
Dodge: Dodged            |    18 |     8 ||    26
